 Dungeon Crawl Stone Soup version 0.22.1-1-ga44c0e5 (webtiles) character file.

90 Benis312 the Skirmisher (level 4, -1/41 HPs)
             Began as a Minotaur Wanderer on Oct 17, 2018.
             Slain by a gnoll
             ... wielding a +0 spear
              (7 damage)
             ... on level 3 of the Dungeon.
             The game lasted 00:11:28 (1800 turns).

Benis312 the Skirmisher (Minotaur Wanderer)         Turns: 1800, Time: 00:11:28

Health: -1/41      AC:  8    Str: 19    XL:     4   Next: 32%
Magic:  12/12      EV:  5    Int:  7    God:
Gold:   113        SH:  9    Dex: 10    Spells: 3/3 levels left

rFire    . . .     SeeInvis .   u - +2 mace
rCold    . . .     Gourm    .   a - +0 shield
rNeg     . . .     Faith    .   A - +0 chain mail
rPois    .         Spirit   .   (helmet restricted)
rElec    .         Reflect  .   (no cloak)
rCorr    .         Harm     .   (no gloves)
MR       .....                  (no boots)
Stlth    ..........             (no amulet)
HPRegen  0.13/turn              q - ring of magical power
MPRegen  0.13/turn              (no ring)

@: no status effects
A: retaliatory headbutt, horns 2
a: no special abilities


You were on level 3 of the Dungeon.
You were not hungry.

You visited 1 branch of the dungeon, and saw 3 of its levels.

You collected 113 gold pieces.

Inventory:

Hand Weapons
 b - a +0 shortbow
 f - a +0 club
 g - a +0 dagger
 i - a +0 mace
 m - a +0 hand axe
 u - a +2 mace (weapon)
Missiles
 c - 46 arrows
Armour
 a - a +0 shield (worn)
 e - a +0 robe
 k - a +0 robe
 l - a +0 ring mail
 p - a +0 chain mail
 A - a +0 chain mail (worn)
 D - a +0 helmet
Jewellery
 q - a ring of magical power (left hand)
Scrolls
 o - a scroll of identify {unknown}
 s - a scroll of amnesia
 v - a scroll of remove curse
 w - a scroll of random uselessness {unknown}
 y - a scroll of teleportation {unknown}
 C - a scroll of fog {unknown}
Potions
 d - a potion of curing
 j - a potion of invisibility {unknown}
 n - a potion of might
 r - 2 potions of heal wounds {unknown}
 t - a potion of haste {unknown}
 x - 2 potions of lignification {unknown}
 z - 2 potions of agility {unknown}
 B - a potion of magic {unknown}
Comestibles
 h - 2 rations


   Skills:
 + Level 4.5 Fighting
 + Level 2.4 Maces & Flails
 + Level 2.6 Armour
 + Level 1.3 Dodging
 + Level 1.8 Stealth
 + Level 3.1 Shields


You had 3 spell levels left.
You didn't know any spells.
Your spell library was empty.

Dungeon Overview and Level Annotations

Branches:
Dungeon (3/15)

Altars:
Sif Muna
Zin

Annotations:
D:3 Ijyb


Innate Abilities, Weirdness & Mutations

You reflexively headbutt those who attack you in melee.
You have a pair of horns on your head.


Message History

The giant cockroach bites you but does no damage.
The rat bites you. Ijyb hits you.
You can move again.
Your chain mail prevents you from hitting the gnoll.
You block the gnoll's attack.
The giant cockroach bites you but does no damage.
The gnoll hits you but does no damage.
The gnoll hits you from afar with a spear.
The rat bites you but does no damage.
Ijyb zaps a wand.
You shrug off the repeated paralysis!
The giant cockroach barely misses you.
Your chain mail prevents you from hitting the gnoll.
The gnoll hits you with a flail! The gnoll hits you but does no damage.
The gnoll hits you from afar with a spear!
* * * LOW HITPOINT WARNING * * *
You block the rat's attack. Ijyb hits you but does no damage.
The giant cockroach bites you.
* * * LOW HITPOINT WARNING * * *
You block the gnoll's attack.
The gnoll hits you from afar with a spear!
You die...

♣......# #.......# #
♣♣.....# #......♣
#.♣..%...# #.....♣♣
#.......## ##......♣#
##........####.........
.......................
#....ggg.$............
#...♣♣sgg.......♣♣....
... .♣.@r.......♣..... .
.#................... #
. #.........♣......###
.........♣♣♣........ ###
#................####...
#......#....#.........##
.......#.#....(......# #
.###.###.##.#........###
.............)†....##


You could see Ijyb, 4 gnolls, a giant cockroach and a rat.

Vanquished Creatures
  5 adders
  A worm (D:2)
  2 dart slugs
  2 leopard geckos
  A giant cockroach (D:2)
  3 goblins
  5 hobgoblins
  A quokka (D:3)
  A ball python (D:3)
  4 bats
  4 frilled lizards
  5 kobolds
  7 rats
41 creatures vanquished.

Notes
Turn   | Place    | Note
-------+----------+-------------------------------------------
     0 | D:1      | Benis312 the Minotaur Wanderer began the quest for the Orb.
     0 | D:1      | Benis312 set off with: a +0 shield, a +0 shortbow, 25
                  | arrows, a potion of curing, a +0 robe, a +0 club, a +0
                  | dagger, a ration
     0 | D:1      | Reached XP level 1. HP: 19/19 MP: 0/0
   480 | D:1      | Reached XP level 2. HP: 27/27 MP: 1/1
   559 | D:1      | Reached skill level 4 in Fighting
   980 | D:2      | Reached XP level 3. HP: 23/33 MP: 2/2
  1289 | D:2      | Found a deep blue altar of Sif Muna.
  1576 | D:3      | Found a glowing silver altar of Zin.
  1622 | D:3      | Reached XP level 4. HP: 31/41 MP: 3/3
  1789 | D:3      | Noticed Ijyb
  1794 | D:3      | Paralysed by Ijyb for 5 turns
  1800 | D:3      | Slain by a gnoll

Skill      XL: |  1  2  3 |
---------------+----------+-----
Fighting       | 4 |  4.5
Shields        | 3 |  3.1
Armour         | 2 |  2.6
Maces & Flails | 2 |  2.4
Dodging        | |  1.3
Stealth        | |  1.8

Action                   |  1- 3 |  4- 6 || total
-------------------------+-------+-------++-------
Melee: Mace              |    76 |    28 ||   104
       Club              |     6 |       ||     6
       Headbutt          |     9 |     3 ||    12
  Use: Scroll            |     8 |       ||     8
       Potion            |     2 |       ||     2
  Eat: Ration            |     1 |       ||     1
Armor: Ring mail         |     7 |       ||     7
       Robe              |     3 |       ||     3
       Chain mail        |    34 |    29 ||    63
Dodge: Dodged            |    29 |     7 ||    36
Block: Shield            |    57 |    18 ||    75
